[Event "*** SCC Grand Prix: Titled Tuesday Blitz"]
[Site "Chess.com"]
[Date "2020.07.21"]
[Round "9"]
[White "mishanick"]
[Black "Semen_Khanin"]
[Result "1-0"]
[WhiteElo "2925"]
[BlackElo "2757"]
[TimeControl "180+1"]
[EndTime "11:49:35 PDT"]
[Termination "mishanick won by checkmate"]

1. d4 Nf6 2. c4 e6 3. Nf3 d5 4. Nc3 Nbd7 5. Bg5 c6 6. cxd5 exd5 7. e3 Bd6 8. Bd3 h6 9. Bh4 O-O 10. Qc2 Re8 11. O-O Nf8 12. Rab1 Bg4 13. Nd2 a5 14. a3 Bh5 15. b4 axb4 16. axb4 Bg6 17. b5 Bxd3 18.
Qxd3 N8d7 19. bxc6 bxc6 20. Ra1 Qe7 21. Bg3 Bxg3 22.
hxg3 c5 23. Nf3 Qe6 24. Rxa8 Rxa8 25. dxc5 Nxc5 26. Qd4 Nce4 27. Ne2 Ra2 28. Nf4 Qc6 29. Ne5 Qc3 30. Qxc3 Nxc3 31. Rc1 Nce4 32. Nfd3 Ra7 33. g4 g6 34. f3 Ng5 35. Rc6 Kg7 36. Rd6 Ne6 37.
Kf2 Ra2+ 38. Kg3 h5 39. gxh5 Nxh5+ 40. Kh2 Nf6 41. Rb6 Ra7 42. g4 Nd7 43. Nxd7 Rxd7 44. Kg3 d4 45. e4 Ra7 46. Rb3 Rc7 47. Ne5 Rc5 48. Nd7 Rc3 49. Rb7 Ng5 50. Ne5 Nxe4+ 51. Kf4 Nd6 52. Rd7 Nc4 53. Nxf7 Kf6 54. Nd8 Ne3 55.
Rf7# 1-0

[Event "*** SCC Grand Prix: Titled Tuesday Blitz"]
[Site "Chess.com"]
[Date "2020.07.21"]
[Round "9"]
[White "zaur-mammadov"]
[Black "Andreikka"]
[Result "0-1"]
[WhiteElo "2669"]
[BlackElo "2896"]
[TimeControl "180+1"]
[EndTime "11:49:35 PDT"]
[Termination "Andreikka won on time"]

1. e4 d5 2. exd5 Qxd5 3. Nc3 Qa5 4. d4 Nf6 5. Bc4 c6 6. Nf3 Bf5 7. Qe2 e6 8. Bd2 Qc7 9. O-O-O b5 10. Bd3 Bxd3 11.
Qxd3 Nbd7 12. Rhe1 Be7 13. Ne5 b4 14. Na4 Nxe5 15.
dxe5 Nd5 16. Qg3 g6 17. b3 Qa5 18. Kb1 Nb6 19. Nb2 Qb5 20. Qd3 Nd5 21. Qxb5 cxb5 22. Nd3 a5 23. Nf4 Nxf4 24. Bxf4 Rd8 25. Be3 O-O 26.
Bb6 Ra8 27. Rd7 Bg5 28. g3 Ra6 29. Rb7 Bd2 30. Rd1 Bc3 31. f4 a4 32. Rdd7 axb3 33. cxb3 Rfa8 34. Rd8+ Kg7 35. Rxa8 Rxa8 36. Bc5 Rd8 37.
Bd6 g5 38. Rxb5 gxf4 39. gxf4 Bd2 40. Bxb4 Bxf4 41. a4 Bxh2 42. a5 h5 43. a6 h4 44.
a7 Bg1 45. Rb8 Rd1+ 46. Kc2 Bxa7 47. Rb7 Ra1 48. Kb2 Ra6 49. Bd6 Bd4+ 50. Kc2 h3 51. Rb4 h2 52. Rxd4 h1=Q 53. Rg4+ Kh7 54. Rf4 Qh2+ 0-1

[Event "*** SCC Grand Prix: Titled Tuesday Blitz"]
[Site "Chess.com"]
[Date "2020.07.21"]
[Round "9"]
[White "Gusarov91"]
[Black "Chopper1905"]
[Result "0-1"]
[WhiteElo "2643"]
[BlackElo "2885"]
[TimeControl "180+1"]
[EndTime "11:49:35 PDT"]
[Termination "Chopper1905 won on time"]

1. d4 h6 2. e4 g5 3. h4 g4 4.
Qxg4 d5 5. Qe2 dxe4 6. Qxe4 Nf6 7. Qd3 Nc6 8. c3 Qd5 9. Nf3 Bf5 10. Qb5 Qe4+ 11.
Be3 O-O-O 12. Nbd2 Qg4 13. g3 Nd5 14. Bh3 Qg6 15. Qd3 e6 16. Bxf5 exf5 17. O-O-O Bg7 18. h5 Qe6 19. Nh4 Nxe3 20. fxe3 Qxa2 21. Nxf5 Bf8 22. Qc4 Qa5 23. e4 f6 24. Nb3 Qb6 25. Kc2 Kb8 26. Rhe1 Bd6 27. Rd3 a6 28. Qf7 Rdf8 29. Qc4 Re8 30.
Nxd6 cxd6 31. Qd5 Qc7 32. Kb1 Rhg8 33. Rf3 Rg5 34. Qc4 d5 35. Qd3 Rg4 36. Rfe3 dxe4 37.
Rxe4 Rexe4 38. Rxe4 Rxg3 39. Re8+ Ka7 40. Qf1 Qf7 41.
Qf2 Qxe8 42. Qxg3 Qxh5 43. Ka2 Qd5 44. Qc7 h5 45. Ka3 Qb5 46. Qf7 h4 47. Qxf6 Qh5 48.
Qg7 h3 49. Nc5 Na5 50. Kb4 Nc6+ 51. Ka3 Na5 52. Ka4 h2 53. Kxa5 h1=Q 54. Qc7 Qc6 0-1

[Event "*** SCC Grand Prix: Titled Tuesday Blitz"]
[Site "Chess.com"]
[Date "2020.07.21"]
[Round "9"]
[White "Munguntuul_B"]
[Black "ManuDavid2910"]
[Result "0-1"]
[WhiteElo "2496"]
[BlackElo "2692"]
[TimeControl "180+1"]
[EndTime "11:49:36 PDT"]
[Termination "ManuDavid2910 won on time"]

1. e4 c5 2. Nf3 Nc6 3. d4 cxd4 4. Nxd4 e5 5. Nb5 d6 6. N1c3 a6 7. Na3 Be6 8. Nd5 Nf6 9. Bg5 Bxd5 10. exd5 Qa5+ 11. c3 Qxd5 12. Nc4 Qe6 13. Nb6 Rd8 14.
Bc4 d5 15. Bxf6 Qxf6 16. Nxd5 Qd6 17. O-O Be7 18. Qg4 O-O 19. Rad1 Kh8 20. Ne3 Qc5 21.
Nf5 Bf6 22. b4 Qb6 23. Bd5 g6 24. Nh6 Qc7 25. Qf3 Kg7 26. Ng4 Bg5 27. Bxc6 bxc6 28. Rde1 Rfe8 29. Ne3 e4 30. Qg4 h6 31. h4 f5 32. Qh3 Bf6 33. h5 Bxc3 34. hxg6 Bxe1 35. Nxf5+ Kxg6 36. Rxe1 Qf4 37. Ng3 Rd2 38. Qh5+ Kf6 39. Rf1 Re5 40. Qh3 Qg5 41. Qc8 Rd6 42.
Qf8+ Ke6 43. Qe8+ Qe7 44. Qg6+ Kd7 45. Qg4+ Kc7 46. Nf5 Qd7 47. Nxh6 Qxg4 48. Nxg4 Rb5 0-1

[Event "*** SCC Grand Prix: Titled Tuesday Blitz"]
[Site "Chess.com"]
[Date "2020.07.21"]
[Round "9"]
[White "bsnsun"]
[Black "Artem_Sadovsky"]
[Result "0-1"]
[WhiteElo "2385"]
[BlackElo "2510"]
[TimeControl "180+1"]
[EndTime "11:49:37 PDT"]
[Termination "Artem_Sadovsky won on time"]

1. d4 f5 2. Nf3 Nf6 3. g3 g6 4. Bg2 Bg7 5. c4 O-O 6. Nc3 d6 7. O-O Qe8 8. d5 e5 9. dxe6 Bxe6 10. Nd4 c6 11. Bf4 Bxc4 12. Bxd6 Rf7 13. Qa4 b5 14. Qc2 Rd7 15. Bxb8 Rxd4 16. Bf4 Nd5 17. Nxd5 Bxd5 18.
Be3 Bc4 19. Bxd4 Bxd4 20. Rad1 Bb6 21. Bf3 Rc8 22. b3 Bf7 23. Rd6 c5 24. Rfd1 c4 25. bxc4 bxc4 26. Qc3 Bc7 27. Rc6 Rd8 28. Rxd8 Qxd8 29.
Kg2 Bb6 30. Qf6 Qxf6 31. Rxf6 c3 32. Rc6 Bd4 33. a4 Bb3 34. e3 Be5 35. Be2 Bxa4 36. Rc8+ Kg7 37. Bd3 a5 38. f4 Bf6 39. Rc5 Bd1 40.
Rxa5 Be7 41. Ra7 Kf6 42. Ra6+ Kf7 43. Rc6 Bb4 44. Kf2 Ke7 45. Rc4 Ba5 46. Rc5 Bb4 47. Rb5 Ba3 48. Ra5 Bb2 49. Rc5 Kd6 50.
Rc8 Ba4 51. Ke2 Bd7 52. Rb8 Bc6 53. Kd1 Ba4+ 54. Bc2 Bc6 55. Rh8 Bf3+ 56. Ke1 Bc1 57. Rxh7 Bxe3 58. Rg7 Bh5 59. h3 Kc5 60. g4 fxg4 61.
hxg4 Bxg4 62. Rxg6 Bf3 63. f5 Kd4 64. Rd6+ Ke5 65.
Rd8 Bh5 66. Rd7 Bg5 0-1

[Event "*** SCC Grand Prix: Titled Tuesday Blitz"]
[Site "Chess.com"]
[Date "2020.07.21"]
[Round "9"]
[White "AnthonyWirig"]
[Black "Zenzo"]
[Result "1-0"]
[WhiteElo "2705"]
[BlackElo "2553"]
[TimeControl "180+1"]
[EndTime "11:49:41 PDT"]
[Termination "AnthonyWirig won on time"]

1. d4 Nf6 2. Bg5 e6 3. e3 c5 4. c3 cxd4 5. exd4 b6 6. Be2 Bb7 7. Bf3 Bxf3 8. Qxf3 Nc6 9. Ne2 Be7 10. Nd2 d5 11. Nf4 Ne4 12. Bxe7 Nxd2 13. Qe2 Nxe7 14. Qxd2 O-O 15. O-O Nf5 16. Rae1 Nd6 17. Nd3 Rc8 18. Qf4 Nc4 19. Re2 Qf6 20. Qg3 Qg6 21. Qf3 Rc7 22.
g3 Rfc8 23. h4 Qf6 24. Qxf6 gxf6 25. Kg2 a5 26. a3 Nd6 27. Nf4 f5 28. f3 b5 29. Nd3 Kg7 30. Kh3 Nc4 31. g4 fxg4+ 32. fxg4 Nd6 33. Nc5 b4 34. axb4 axb4 35. Rf3 bxc3 36. bxc3 Ne4 37. Nxe4 dxe4 38. Rxe4 Rxc3 39. Rf4 Rxf3+ 40. Rxf3 Rc4 41. Rd3 Kf6 42. Kg3 Ke7 43. Kf4 Kd6 44. Kg5 Kd5 45. Rf3 Rc7 46. Rf4 f5 47.
gxf5 exf5 48. Kf6 Rb7 49. h5 Rc7 50. h6 Rb7 51. Rxf5+ Kxd4 52. Rg5 Ke4 53. Rg4+ Kf3 54. Rg7 Rb6+ 55. Kg5 Rb5+ 56. Kh4 Rb4+ 57. Kh5 Rb5+ 58.
Kh4 Rb4+ 59. Kh3 Rb5 60. Rf7+ Ke4 61. Kg4 Rb6 62. Re7+ 1-0

[Event "*** SCC Grand Prix: Titled Tuesday Blitz"]
[Site "Chess.com"]
[Date "2020.07.21"]
[Round "9"]
[White "andy_rekt"]
[Black "vladgoncharov"]
[Result "0-1"]
[WhiteElo "2224"]
[BlackElo "2377"]
[TimeControl "180+1"]
[EndTime "11:49:41 PDT"]
[Termination "vladgoncharov won by resignation"]

1. d4 Nf6 2. c4 e6 3. Nc3 Bb4 4.
e3 O-O 5. Ne2 Re8 6. a3 Bf8 7.
e4 d6 8. Ng3 b6 9. Be3 c5 10. Be2 cxd4 11. Bxd4 Nbd7 12. O-O a6 13. f3 Bb7 14. Qd2 Qc7 15. Be3 Rac8 16. Rad1 Qb8 17.
Bf4 Ne5 18. b3 Nfd7 19. Be3 Nc5 20. Qb2 Red8 21. f4 Ng6 22. Bf3 Bc6 23. f5 Ne5 24.
Be2 Qb7 25. fxe6 fxe6 26. Qc2 b5 27. cxb5 axb5 28. b4 Ncd7 29. Qb3 Re8 30. Nf5 Nc4 31. Bxc4 bxc4 32. Qxc4 d5 33. exd5 Bxd5 34. Qd4 Rxc3 35.
Qxc3 exf5 36. Rf2 Nf6 37. Qd4 Re4 38. Qd3 Bc4 39. Qd2 Ng4 40. Rf3 h5 41. Bf4 h4 42.
h3 Nf6 43. Re1 Nd5 44. Rxe4 fxe4 45. Rf1 Bd3 46. Rf2 Qa7 47. Kh2 Qxa3 48. Be5 Qxb4 49. Qxb4 Nxb4 50. Bd4 Nc6 51. Be3 Bd6+ 52. Kg1 Ne5 53.
Rf4 Nc4 54. Rxh4 Nxe3 55. Kf2 Bc5 56. Ke1 Nf5 57. Rf4 g6 58. g4 Be3 59. gxf5 Bxf4 60. fxg6 Kg7 0-1

[Event "*** SCC Grand Prix: Titled Tuesday Blitz"]
[Site "Chess.com"]
[Date "2020.07.21"]
[Round "9"]
[White "chesslh19"]
[Black "qingaunlee"]
[Result "0-1"]
[WhiteElo "2177"]
[BlackElo "2344"]
[TimeControl "180+1"]
[EndTime "11:49:41 PDT"]
[Termination "qingaunlee won by resignation"]

1. e4 e6 2. d4 d5 3. Nd2 Be7 4. Bd3 c5 5. dxc5 Nf6 6. Qe2 Nc6 7. Ngf3 O-O 8. Nb3 a5 9. a4 Nb4 10. O-O Bd7 11. e5 Ne8 12. Nfd4 Nxd3 13. cxd3 g6 14. Bh6 Ng7 15. Nb5 f6 16. f4 fxe5 17.
fxe5 Rf5 18. d4 Rxf1+ 19. Rxf1 Nf5 20. Bd2 Bg5 21. Qe1 Bxb5 22. axb5 a4 23. Nc1 Nxd4 24. Ne2 Nf5 25. Ng3 Be7 26. Nxf5 exf5 27. e6 Bxc5+ 28. Kh1 Qe7 29. Qe5 Re8 30. Re1 d4 31. g3 b6 32. Kg2 Qb7+ 33. Kh3 Re7 34. Bg5 Re8 35. Bh6 Re7 36. Bg5 Re8 37. Bh6 d3 38.
Qf6 d2 39. Rd1 Bf8 40. e7 Bxh6 41. Qh4 Bg7 42. Rxd2 Qxe7 43. Qxe7 Rxe7 44. Rd8+ Kf7 45.
Rb8 Bd4 46. Ra8 Bc5 47. Rxa4 Re2 48. b4 Bd4 49. Ra7+ Kg8 50. Rd7 Rd2 51. Rd8+ Kg7 52. Rd7+ Kh6 53. g4 Rd3+ 54. Kg2 fxg4 55. Rd5 Rd2+ 56.
Kf1 Be3 57. Re5 Bf4 58. Re4 Kg5 59. Re2 Rxe2 60. Kxe2 Bxh2 61. Kf1 Bd6 62. Kg2 Kf4 63. Kg1 g3 64. Kg2 Kg4 65. Kg1 Kh3 66. Kh1 Bxb4 0-1

[Event "*** SCC Grand Prix: Titled Tuesday Blitz"]
[Site "Chess.com"]
[Date "2020.07.21"]
[Round "9"]
[White "RobertoJBM"]
[Black "maciejos95"]
[Result "1-0"]
[WhiteElo "2655"]
[BlackElo "2499"]
[TimeControl "180+1"]
[EndTime "11:49:42 PDT"]
[Termination "RobertoJBM won by resignation"]

1. d4 d5 2. c4 e6 3. Nc3 Nf6 4. cxd5 exd5 5. Bg5 Be7 6. e3 O-O 7. Bd3 c6 8. Qc2 Nbd7 9. Nge2 Re8 10. O-O Nf8 11.
f3 Nh5 12. Bxe7 Qxe7 13. e4 Be6 14. e5 g6 15. f4 f5 16. Qd2 b6 17. Rac1 c5 18.
Nb5 c4 19. Bc2 a6 20. Nd6 Reb8 21. a4 Ng7 22. b3 b5 23. axb5 axb5 24. bxc4 bxc4 25.
Ra1 Ne8 26. Nxe8 Rxe8 27. Rfb1 Rxa1 28. Rxa1 Rb8 29. Nc3 Rb2 30. Nd1 Rb7 31. Qc3 Ra7 32.
Rxa7 Qxa7 33. Kf2 Kf7 34. g3 Nd7 35. Ne3 Nb6 36. Bd1 Qa2+ 37. Qc2 Qxc2+ 38. Bxc2 Bd7 39. Ke2 Ke6 40. Kd2 Ba4 41. Kc3 Bxc2 42. Nxc2 Na8 43.
Kb4 Nc7 44. Ne3 Na6+ 45. Kb5 Nc7+ 46. Kc6 Na6 47. Nxd5 Nb8+ 48. Kc5 Na6+ 49. Kxc4 Nb8 50. Ne3 Na6 51. d5+ Kd7 52. Kb5 Nc7+ 53. Kc5 Na6+ 54.
Kd4 Nb4 55. Kc4 Na2 56. g4 fxg4 57. Nxg4 h5 58. Nf6+ Ke7 59. Ne4 h4 60. d6+ Ke6 61. Nc5+ Kf7 62. e6+ Kf6 63. e7 Kf7 64. Nd3 h3 65.
Kb3 Nc1+ 66. Nxc1 g5 67. fxg5 1-0

[Event "*** SCC Grand Prix: Titled Tuesday Blitz"]
[Site "Chess.com"]
[Date "2020.07.21"]
[Round "9"]
[White "anpospan"]
[Black "Giraffe_Chess"]
[Result "0-1"]
[WhiteElo "2273"]
[BlackElo "2386"]
[TimeControl "180+1"]
[EndTime "11:49:43 PDT"]
[Termination "Giraffe_Chess won on time"]

1. Nf3 f5 2. e4 fxe4 3. Ng5 Nf6 4. d3 e5 5. Nxe4 Nc6 6. Bg5 Be7 7. Bxf6 Bxf6 8.
Qh5+ g6 9. Qh6 d5 10. Nxf6+ Qxf6 11. c3 Be6 12. Be2 O-O-O 13. O-O Ne7 14. Qe3 Kb8 15.
Qc5 Nf5 16. Nd2 Nh4 17. Nf3 Bg4 18. Qe3 d4 19. cxd4 exd4 20. Qe4 Bxf3 21. Bxf3 Nxf3+ 22. Qxf3 Qxf3 23. gxf3 Rhe8 24. Rae1 c5 25. Kg2 Kc7 26. f4 Kd6 27. Kf3 Kd5 28. b3 b5 29. Rxe8 Rxe8 30. Rc1 Rf8 31. Kg4 Rf5 32. h4 Rf6 33. Re1 Re6 34. Rg1 Re2 35. Kf3 Rxa2 36. Rg5+ Kd6 37. h5 gxh5 38. Rxh5 a5 39. Rh6+ Kd5 40. Rh5+ Kd6 41. Rh6+ Ke7 42. Rxh7+ Kf6 43. Rb7 b4 44. Rb6+ Kf5 45. Rb5 Rc2 46. Rxa5 Rc3 47. Ke2 Kxf4 48. Kd2 Ke5 49. f3 Kd5 50. f4 Rxb3 51. Ra8 Rb2+ 52. Kd1 Rf2 53. Rd8+ Kc6 54. Rc8+ Kb5 55. Rb8+ Ka4 56.
Rc8 Kb5 57. Rb8+ Ka6 58. Rc8 Kb6 59. Rb8+ Kc7 60. Rb5 Kc6 61. Rb8 Rxf4 62. Rc8+ Kb5 63. Rb8+ Ka4 64. Rc8 Rf5 65. Kc2 b3+ 66. Kb2 Rf2+ 67.
Kb1 Kb4 68. Rc7 Rd2 69. Rc8 Rxd3 0-1

[Event "*** SCC Grand Prix: Titled Tuesday Blitz"]
[Site "Chess.com"]
[Date "2020.07.21"]
[Round "9"]
[White "Fore_Man"]
[Black "harlem4brew"]
[Result "1-0"]
[WhiteElo "2336"]
[BlackElo "2090"]
[TimeControl "180+1"]
[EndTime "11:49:43 PDT"]
[Termination "Fore_Man won by checkmate"]

1. Nf3 e6 2. c4 d5 3. d4 Nf6 4. g3 Bb4+ 5. Nbd2 dxc4 6. Bg2 c5 7.
dxc5 Bxc5 8. O-O O-O 9. Nxc4 Nc6 10. a3 a5 11. Bf4 Nd5 12. Bd2 b5 13. Nce5 Nxe5 14.
Nxe5 Bb7 15. Rc1 Bd4 16. Nd3 Bf6 17. Qb3 Ba6 18. Nc5 b4 19. Nxa6 Rxa6 20. axb4 axb4 21. Rfd1 Qa5 22. Bxd5 Qxd5 23. Qxd5 exd5 24. Bxb4 Rd8 25. Bc3 d4 26. Bxd4 Rad6 27. e3 h5 28. h4 Kh7 29. b4 Bxd4 30. exd4 Rxd4 31. Rxd4 Rxd4 32. Rb1 Rd6 33. b5 Rb6 34. Kg2 Kg6 35. Kf3 Kf5 36. Ke3 Ke5 37. Rb2 f6 38. Rb1 Kd5 39. Kf4 Kc5 40.
Kf5 Rb7 41. b6 Kd4 42. Kg6 Ke4 43. Kxh5 Kf3 44. Rb2 f5 45. Kg5 Ke4 46. h5 Kd3 47. Kxf5 Kc3 48. Rb1 Kc2 49. Rb5 Kc3 50. Kg6 Kc4 51.
Rb1 Kc3 52. g4 Kc2 53. Rb5 Kd3 54. f4 Kc4 55. Rb1 Kd4 56. f5 Ke5 57. g5 Kf4 58. f6 gxf6 59. gxf6 Rb8 60. f7 Ra8 61. Kg7 Kg5 62.
f8=Q Rxf8 63. Kxf8 Kxh5 64. b7 Kg4 65. b8=Q Kf3 66.
Qe5 Kg4 67. Rb6 Kf3 68. Rf6+ Kg2 69. Qg5+ Kh1 70. Rh6# 1-0

[Event "*** SCC Grand Prix: Titled Tuesday Blitz"]
[Site "Chess.com"]
[Date "2020.07.21"]
[Round "9"]
[White "ArjunErigaisi2003"]
[Black "GadimbayliA"]
[Result "0-1"]
[WhiteElo "3038"]
[BlackElo "2888"]
[TimeControl "180+1"]
[EndTime "11:49:44 PDT"]
[Termination "GadimbayliA won by resignation"]

1. d4 d5 2. c4 e5 3. dxe5 d4 4.
Nf3 Nc6 5. Nbd2 Nge7 6. g3 Ng6 7.
Bg2 Ngxe5 8. O-O Nxf3+ 9. Nxf3 Bc5 10. Bf4 O-O 11. Nd2 a5 12. Rc1 Be6 13. h4 h6 14.
Nb3 Ba7 15. Na1 Qe7 16. b3 Rad8 17. Nc2 Rfe8 18. Re1 Bc5 19. Bf3 Bf5 20. Bd5 Bxc2 21. Qxc2 Nb4 22. Qf5 Nxa2 23. Ra1 Nb4 24. Rxa5 Nxd5 25.
cxd5 Bb4 26. Raa1 Bxe1 27. Rxe1 Qe4 28. Qxe4 Rxe4 29. Bxc7 Rxd5 30. f3 Re6 31. Kf2 Rc6 32.
Bf4 Rc2 33. Rd1 d3 34. Rd2 Rxd2 35. Bxd2 dxe2 36. Kxe2 f6 37. g4 Kf7 38. h5 Ke6 39. Bc3 Rd7 40. Ke3 Rd5 41. Ke4 Rb5 42. b4 Rd5 43. f4 Rd7 44. Bd4 Kd6 45. Kf5 Kc6 46.
Bg1 Kd5 47. Bc5 Rd8 48. Kg6 Ke4 49. Kxg7 Kxf4 50. Kxh6 Kxg4 51. Kg6 f5 52. h6 f4 53. h7 Kg3 54. Kg7 f3 55. h8=Q Rxh8 56. Kxh8 f2 57.
Bxf2+ Kxf2 58. Kg7 Ke3 59. Kf6 Kd4 60. Kf5 b5 61.
Kf4 Kc4 62. Ke3 Kxb4 63. Kd2 Ka3 0-1

[Event "*** SCC Grand Prix: Titled Tuesday Blitz"]
[Site "Chess.com"]
[Date "2020.07.21"]
[Round "9"]
[White "Roman_Ovetchkin"]
[Black "LuckSlayeer"]
[Result "1-0"]
[WhiteElo "2594"]
[BlackElo "2424"]
[TimeControl "180+1"]
[EndTime "11:49:44 PDT"]
[Termination "Roman_Ovetchkin won by resignation"]

1. d4 Nf6 2. c4 e6 3. Nf3 Bb4+ 4.
Bd2 Qe7 5. g3 Bxd2+ 6. Qxd2 Nc6 7. Nc3 d5 8. Bg2 O-O 9. O-O Rd8 10. cxd5 exd5 11. Rac1 Bf5 12. Qf4 Be4 13. Rfd1 Rac8 14. g4 h6 15. h3 Nb8 16. Nxe4 Qxe4 17. Qxe4 Nxe4 18. e3 c6 19. Ne5 Nf6 20. f4 Nbd7 21. Kf2 Ne8 22. Bf3 Nd6 23. h4 f6 24. Nd3 Re8 25. Rc2 Nc4 26. Re1 Nf8 27. b3 Nd6 28. h5 Re7 29. Nc5 Rce8 30. Ree2 Ne6 31. Nxe6 Rxe6 32.
Rc3 Kf7 33. a4 f5 34. gxf5 Nxf5 35. b4 Nd6 36. b5 Ne4+ 37. Bxe4 dxe4 38. Rec2 cxb5 39.
axb5 R6e7 40. Rc5 Kf6 41. Kg3 Kf7 42. Kg4 a6 43. Rf5+ Kg8 44. bxa6 bxa6 45. Rc6 Re6 46. Rxe6 Rxe6 47. Ra5 Rb6 48. f5 Kf7 49. Kf4 Kf6 50. Kxe4 Kg5 51. Ke5 Kxh5 52. d5 Kg5 53. d6 g6 54.
fxg6 Kxg6 55. Ke6 Kg7 56. Ke7 Rb7+ 57. d7 Ra7 58. e4 Kg6 59. e5 Kf5 60. e6+ Ke4 61.
Kd6 Ra8 62. e7 h5 63. e8=Q+ Rxe8 64. dxe8=Q+ Kd4 65. Qxh5 1-0

[Event "*** SCC Grand Prix: Titled Tuesday Blitz"]
[Site "Chess.com"]
[Date "2020.07.21"]
[Round "9"]
[White "lelya96"]
[Black "13MiRacLe"]
[Result "0-1"]
[WhiteElo "2194"]
[BlackElo "2610"]
[TimeControl "180+1"]
[EndTime "11:49:44 PDT"]
[Termination "13MiRacLe won by checkmate"]

1. e4 e5 2. Nf3 Nc6 3. Bb5 a6 4.
Ba4 b5 5. Bb3 Na5 6. O-O d6 7.
c3 Nxb3 8. axb3 Nf6 9. d3 c5 10.
h3 Be7 11. Re1 O-O 12. Nbd2 Bb7 13. Nf1 Nd7 14. Ng3 g6 15. d4 cxd4 16. cxd4 exd4 17.
Qxd4 Bf6 18. Qxd6 Ne5 19. Qxd8 Nxf3+ 20. gxf3 Rfxd8 21. Ne2 Rac8 22. Nf4 Rc2 23. e5 Bh4 24. Be3 Bxf3 25. Rxa6 Rxb2 26. e6 fxe6 27. Nxe6 Re8 28. Bd4 Re2 29. Rxe2 Bxe2 30. Nc7 Rc8 31. Be5 Bf3 32. Rb6 Kf7 33. Rxb5 Rd8 34. Nd5 Rxd5 35. Rxd5 Bxd5 36. b4 Bc6 37. Bd6 Be7 38. Bc7 Bxb4 39.
Kf1 Ke6 40. Ke2 Kf5 41. Ke3 Bg2 42. h4 Be7 43. Bg3 Kg4 44. Ke2 Bxh4 45. Bh2 Bg5 46. Ke1 Bf4 47. Bg1 Kf3 48. Kd1 h5 49. Ke1 h4 50. Kd1 h3 51. Ke1 h2 52. Bxh2 Bxh2 53.
Kd1 Bg1 54. Ke1 Bxf2+ 55. Kd1 Bh3 56. Kd2 g5 57. Kc2 g4 58. Kd2 g3 59. Kc2 g2 60.
Kd2 g1=Q 61. Kc2 Qg4 62. Kd2 Qe4 63. Kc3 Qd4+ 64. Kb3 Be6+ 65. Kc2 Bc4 66. Kc1 Be3+ 67. Kb1 Qd2 68. Ka1 Bd4+ 69. Kb1 Ba2# 0-1

[Event "*** SCC Grand Prix: Titled Tuesday Blitz"]
[Site "Chess.com"]
[Date "2020.07.21"]
[Round "9"]
[White "Khazieva_Elza"]
[Black "PauloCesarCosta_sad"]
[Result "1-0"]
[WhiteElo "2362"]
[BlackElo "2211"]
[TimeControl "180+1"]
[EndTime "11:49:45 PDT"]
[Termination "Khazieva_Elza won on time"]

1. e4 e6 2. d3 d5 3. Nd2 Nf6 4.
Ngf3 Be7 5. g3 O-O 6. Bg2 c5 7.
e5 Nfd7 8. O-O Nc6 9. Re1 b5 10.
Nf1 Ba6 11. a4 b4 12. h4 b3 13. c3 Qc7 14. Bf4 Rab8 15. h5 Rfe8 16. h6 gxh6 17.
N1h2 Bf8 18. d4 cxd4 19. cxd4 Nb4 20. Re3 Nc2 21. Rc3 Qa5 22. Rc1 Rec8 23. Bd2 Qxa4 24. Ne1 Rxc3 25. Qg4+ Kh8 26. Bxc3 Nxe1 27. Rxe1 Bd3 28.
Qf3 Bg6 29. Ng4 Bg7 30. Nf6 Nxf6 31. exf6 Bf8 32. Qf4 Rd8 33. Qc7 Qd7 34. Qa5 Rb8 35. Ra1 Rb7 36. Bf1 Kg8 37. Bb5 Qc7 38. Qa4 Qb6 39.
Ba6 Rb8 40. Be2 Bb4 41. Qxb3 Bxc3 42. Qxc3 Qxb2 43. Qxb2 Rxb2 44. Rxa7 Rb8 45. Ra6 Rf8 46. Kg2 Re8 47. f3 Kf8 48. Bd1 Rd8 49. Ba4 Rb8 50. Ra7 Rd8 51. Kf2 Rb8 52. Ke3 Rd8 53. g4 Rb8 54.
Kf4 Rd8 55. Ke5 Rb8 56. Kd6 Rd8+ 57. Bd7 Bc2 58. Kc7 Re8 59. Bxe8 1-0

[Event "*** SCC Grand Prix: Titled Tuesday Blitz"]
[Site "Chess.com"]
[Date "2020.07.21"]
[Round "9"]
[White "poppy73"]
[Black "Larina_Marija"]
[Result "1-0"]
[WhiteElo "2247"]
[BlackElo "2100"]
[TimeControl "180+1"]
[EndTime "11:49:46 PDT"]
[Termination "poppy73 won by checkmate"]

1. e4 c6 2. Nf3 d5 3. Nc3 dxe4 4. Nxe4 Nf6 5. Qe2 Nxe4 6. Qxe4 Nd7 7. Bc4 Nf6 8. Qe2 Bg4 9. Bxf7+ Kxf7 10. Ne5+ Ke8 11.
Nxg4 Nxg4 12. Qxg4 Qd6 13. d4 g6 14. O-O Bg7 15.
c3 Qd7 16. Qxd7+ Kxd7 17. Bf4 Bf6 18. Rfe1 h6 19. Be5 Rhe8 20. Re4 Bxe5 21. Rxe5 e6 22. Rae1 Re7 23. f4 Rae8 24. Kf2 b6 25. c4 Rf7 26. Ke3 Rf5 27. g3 Rxe5+ 28. dxe5 c5 29. Rd1+ Kc7 30. Rd6 Re7 31. Ke4 h5 32. h3 Re8 33. b3 Re7 34. g4 hxg4 35. hxg4 Re8 36. f5 gxf5+ 37. gxf5 exf5+ 38. Kxf5 Rf8+ 39. Rf6 Rh8 40. Rf7+ Kc6 41. Rxa7 Rh5+ 42. Kf6 Rh6+ 43. Kg5 Rh2 44. e6 Re2 45. Kf6 Rf2+ 46. Ke7 Re2 47. Ra8 Kb7 48. Rh8 Kc7 49. Rh6 Rxa2 50. Kf7 Ra8 51. e7 Kd7 52. Rh5 b5 53. Rxc5 bxc4 54. bxc4 Rh8 55. e8=Q+ Rxe8 56. Rd5+ Kc6 57. Kxe8 Kc7 58. Ke7 Kc6 59. Ke6 Kc7 60. Rd6 Kc8 61. Rd7 Kb8 62. Kd6 Kc8 63. Kc6 Kb8 64.
Rc7 Ka8 65. Kb6 Kb8 66. c5 Ka8 67. Rc8# 1-0

[Event "*** SCC Grand Prix: Titled Tuesday Blitz"]
[Site "Chess.com"]
[Date "2020.07.21"]
[Round "9"]
[White "MestreSoares"]
[Black "nobodyperfect13"]
[Result "1/2-1/2"]
[WhiteElo "2098"]
[BlackElo "2285"]
[TimeControl "180+1"]
[EndTime "11:49:48 PDT"]
[Termination "Game drawn by repetition"]

1. Nf3 c5 2. b3 Nc6 3. Bb2 Nf6 4. e3 g6 5. Be2 Bh6 6. O-O Bg7 7. c4 O-O 8. d4 cxd4 9. Nxd4 d6 10. Nd2 Bd7 11. Bf3 Rc8 12. Ne4 Nxe4 13. Bxe4 Nxd4 14.
Bxd4 Bxd4 15. Qxd4 Qc7 16. Rfd1 Bc6 17. g3 Bxe4 18. Qxe4 Rfe8 19. Rd5 e6 20. Rd2 Qc6 21. Qxc6 Rxc6 22. Rad1 Rd8 23. h4 Kg7 24. Kf1 Kf6 25. Ke2 Ke7 26. e4 h5 27. Ke3 Rc5 28.
Rd3 Rc6 29. R1d2 Rdc8 30. Rd4 a6 31. R2d3 b5 32. cxb5 axb5 33. a4 bxa4 34. bxa4 Ra8 35. Rb3 Ra5 36. Rb7+ Kf6 37. f4 Rca6 38. Rd7 Rxa4 39.
Rxa4 Rxa4 40. Rxd6 Ra3+ 41. Kf2 Ra4 42. Kf3 Ra3+ 43. Kf2 Ke7 44. Rb6 e5 45. fxe5 Ra5 46. Kf3 Rxe5 47. Kf4 Ra5 48. Rb7+ Kf6 49. Rb6+ Kg7 50.
Rb7 Ra1 51. Rb6 Rf1+ 52. Ke3 f6 53. Ke2 Ra1 54. Re6 g5 55. hxg5 fxg5 56. Kf3 Rf1+ 57. Ke2 Rf6 58. Re7+ Kg6 59. Re8 g4 60. e5 Rf3 61. e6 Rxg3 62. e7 Kf7 63. Rh8 Kxe7 64. Rxh5 Kf6 65. Kf2 Rf3+ 66. Kg2 Kg6 67. Rb5 Ra3 68. Rc5 Rb3 69. Rd5 Rc3 70. Rb5 Ra3 71. Rc5 Rd3 72. Rb5 Ra3 1/2-1/2

[Event "*** SCC Grand Prix: Titled Tuesday Blitz"]
[Site "Chess.com"]
[Date "2020.07.21"]
[Round "9"]
[White "SHIVACalypso"]
[Black "SCIM"]
[Result "0-1"]
[WhiteElo "2364"]
[BlackElo "2572"]
[TimeControl "180+1"]
[EndTime "11:49:50 PDT"]
[Termination "SCIM won by resignation"]

1. Nf3 Nf6 2. c4 g6 3. g3 Bg7 4. Bg2 d5 5. O-O dxc4 6. Qa4+ Bd7 7. Qxc4 Bc6 8. d4 O-O 9. Nc3 a6 10. Rd1 b5 11. Qd3 b4 12. d5 Bd7 13. Ne4 Bb5 14. Nxf6+ exf6 15. Qd2 a5 16. Nd4 Ba6 17. e4 Re8 18. a3 bxa3 19. Rxa3 f5 20. exf5 Bxd4 21.
Qxd4 Nc6 22. Qc3 Ne5 23. Bf4 Nc4 24. Ra4 g5 25. Be3 Nxe3 26. fxe3 Bb5 27. Rad4 Qd6 28. e4 h6 29. Qe3 Re5 30. h4 f6 31. hxg5 hxg5 32. Kf2 Rae8 33. Qf3 R8e7 34. Rh1 Qc5 35. Qc3 Qb6 36. Kf3 g4+ 37. Kf4 Qd6 38. Ke3 Rxf5 39. Kd2 Rf2+ 40. Kd1 Rxg2 41. Rf1 Qxg3 42. Qxg3 Rxg3 43.
Rxf6 Rg1+ 44. Kd2 Kg7 45. Rf5 g3 46. Ke3 Re1+ 47. Kf3 Rf1+ 48. Kxg3 Rxf5 49. exf5 Kf6 50. Kf4 Re5 51. d6 Rxf5+ 52. Kg4 Rg5+ 53. Kf4 Rf5+ 54.
Kg4 cxd6 55. Rxd6+ Ke7 56. Rb6 Rc5 57. Kf4 Kd7 58. Ke4 Kc7 59. Rh6 Rc2 60. b3 Rc3 61. Rh7+ Kb6 62. Rh6+ Bc6+ 63. Kd4 Rxb3 0-1